 Dungeon Crawl Stone Soup version 0.23.2-1-ga50397a (webtiles) character file.

Game seed: 10523700819374824421

60 Leeroy the Conjurer (level 3, -1/26 HPs)
             Began as a Draconian Conjurer on Apr 14, 2019.
             Slain by a jackal (3 damage)
             ... on level 2 of the Dungeon.
             The game lasted 00:04:59 (951 turns).

Leeroy the Conjurer (Draconian Conjurer)             Turns: 951, Time: 00:04:59

Health: -1/26      AC:  5    Str: 10    XL:     3   Next: 80%
Magic:  1/6        EV: 12    Int: 16    God:
Gold:   67         SH:  0    Dex: 11    Spells: 0/6 levels left

rFire    . . .     SeeInvis .   l - +0 mace (curse)
rCold    . . .     Gourm    .   (no shield)
rNeg     . . .     Faith    .   (armour unavailable)
rPois    .         Spirit   .   (helmet restricted)
rElec    .         Reflect  .   (no cloak)
rCorr    .         Harm     .   (no gloves)
MR       .....                  (no boots)
Stlth    ++........             (no amulet)
HPRegen  0.08/turn              (no ring)
MPRegen  0.10/turn              (no ring)

@: no status effects
A: unfitting armour, cold-blooded, AC +5
a: no special abilities


You were on level 2 of the Dungeon.
You were not hungry.

You visited 1 branch of the dungeon, and saw 2 of its levels.

You collected 67 gold pieces.

Inventory:

Hand Weapons
 c - a +0 dagger
 l - a cursed +0 mace (weapon)
 m - a +0 hand axe
Missiles
 d - 20 sling bullets
 j - 17 bolts
Jewellery
 i - an uncursed ring of ice
Scrolls
 a - 3 scrolls of remove curse {unknown}
Potions
 e - a potion of cancellation {unknown}
 f - a potion of curing {unknown}
 g - a potion of mutation {unknown}
 h - 2 potions of haste {unknown}
Comestibles
 b - 2 rations


   Skills:
 - Level 1.7 Dodging
 - Level 1.7 Stealth
 - Level 2.0 Spellcasting
 + Level 5.5 Conjurations


You couldn't memorise any spells.
You knew the following spells:

 Your Spells              Type           Power        Failure   Level  Hunger
a - Magic Dart            Conj           ###.         2%          1    #......
b - Searing Ray           Conj           ###...       3%          2    ###....
c - Dazzling Spray        Conj/Hex       ##....       21%         3    ###....

Your spell library contained the following spells:

 Spells                   Type           Power        Failure   Level  Hunger
 Iskenderun's Mystic Bla  Conj           ###.....     22%         4    #####..
 Force Lance              Conj/Tloc      ##......     54%         4    #####..
 Fulminant Prism          Conj/Hex       ##........   54%         4    #####..


Dungeon Overview and Level Annotations

Branches:
Dungeon (2/15)

Altars:

Annotations:
D:2 Sigmund


Innate Abilities, Weirdness & Mutations

Your plain brown scales are hard. (AC +5)
You cannot fit into any form of body armour.
You are cold-blooded and may be slowed by cold attacks.


Message History

Aiming: Searing Ray (safe; 3% risk of failure)
Press: ? - help, Shift-Dir - straight line, f - jackal
Aim: a jackal The searing ray hits the jackal.
The jackal is severely wounded. (Press . to maintain the ray.)
The jackal bites you but does no damage. x2
The searing ray hits the jackal but does no damage.
The jackal is severely wounded.
The jackal bites you.
* * * LOW HITPOINT WARNING * * *
The searing ray hits the jackal!
You kill the jackal!
The jackal bites you.
* * * LOW HITPOINT WARNING * * *
There's nothing to open nearby.
The searing ray hits the jackal!
You kill the jackal!
You finish channeling your searing ray.
The jackal bites you.
You die...

#.........,,,,,****
#.######..,,,,,,,,,
#.# *..,,,,,,,,,
#.# *,,,,,,,,,,,
#.# *,,,,,,,,,,,
#.#*####,,,,,,,,,,,
#.#*...#,,,,,,,,,,,
#.##...#...,,,,,,,,
#.@h.......,,,,****
####.......,,,,*
*.......,,,,*
*.......,,,,*
*%......,,,**
*.......**,*
*.......****
*###....* ******
****


You could see a jackal.

Vanquished Creatures
  An adder (D:1)
  2 oozes (D:1)
  2 leopard geckos (D:1)
  A ball python (D:1)
  4 goblins
  4 hobgoblins (D:1)
  6 jackals (D:2)
  5 bats (D:1)
  A frilled lizard (D:2)
  6 kobolds
  7 rats
39 creatures vanquished.

Notes
Turn   | Place    | Note
-------+----------+-------------------------------------------
     0 | D:1      | Leeroy the Draconian Conjurer began the quest for the Orb.
     0 | D:1      | Reached XP level 1. HP: 14/14 MP: 3/3
   235 | D:1      | Reached XP level 2. HP: 19/20 MP: 3/5
   239 | D:1      | Learned a level 2 spell: Searing Ray
   470 | D:1      | Reached skill level 5 in Conjurations
   489 | D:1      | Reached XP level 3. HP: 8/26 MP: 0/6
   751 | D:2      | Noticed Sigmund
   776 | D:1      | Learned a level 3 spell: Dazzling Spray
   951 | D:2      | Slain by a jackal

Skill      XL: |  1  2 |
---------------+-------+-----
Conjurations   | 5 |  5.5
Dodging        | |  1.7
Stealth        | |  1.7
Spellcasting   | |  2.0

Action                   || total
-------------------------++-------
Melee: Unarmed           ||    48
       Tailslap          ||    12
       Mace              ||    59
 Cast: Magic Dart        ||    20
       Searing Ray       ||     8
  Use: Scroll            ||     3
  Eat: Chunk             ||     1
Armor: Skin              ||    48
Dodge: Dodged            ||    98
